[Event "56th Rubinstein Memorial C 2020"]
[Site "Polanica Zdroj"]
[Date "2020.08.16"]
[Round "2.13"]
[White "Kielb, Miroslaw"]
[Black "Witkowski, Krzysztof"]
[Result "0-1"]
[ECO "D02"]
[WhiteElo "1394"]
[BlackElo "1791"]
[Annotator "NA RC"]
[PlyCount "84"]
[EventDate "2020.08.15"]
[EventType "swiss"]
[EventCountry "POL"]
[SourceTitle "playchess.com"]
[Source "ChessBase"]
[SourceQuality "1"]
[TimeControl "40/5400+30:1800+30"]

1. d4 d5 2. Nf3 e6 3. Bf4 Bd6 4. Qd2 f5 5. Ne5 Nf6 6. f3 O-O 7. Nc3 c6 8. O-O-O Nh5 9. Bg5 Be7 10. h4 Nd7 11. e4 Ng3 12. Rg1 Nf6 13. exf5 exf5 14. Be2 Nfh5 15. f4 Nf6 16. Qe3 Nfe4 17. Nxe4 Nxe4 18. Bd3 Bf6 19. Bxe4 fxe4 20. Rdf1 Qc7 21. g4 Bxe5 22. dxe5 h6 23. Bxh6 gxh6 24. g5 h5 25. g6 Bg4 26. Rxg4 hxg4 27. Qg3 Qd7 28. h5 Qf5 29. Qh4 Rae8 30. b3 e3 31. Rg1 Qxf4 32. h6 Qxe5 33. h7+ Kg7 34. Kb1 e2 35. Re1 Rf1 36. a4 g3 37. h8=Q+ Rxh8 38. Qxh8+ Kxh8 39. g7+ Kxg7 40. Rc1 Rxc1+ 41. Kxc1 e1=R+ 42. Kd2 Qe3# 0-1

[Event "56th Rubinstein Memorial C 2020"]
[Site "Polanica Zdroj"]
[Date "2020.08.16"]
[Round "2.14"]
[White "Borowski, Przemyslaw"]
[Black "Urbaniak, Karol"]
[Result "1/2-1/2"]
[ECO "C00"]
[WhiteElo "1790"]
[BlackElo "1612"]
[Annotator "NA RC"]
[PlyCount "84"]
[EventDate "2020.08.15"]
[EventType "swiss"]
[EventCountry "POL"]
[SourceTitle "playchess.com"]
[Source "ChessBase"]
[SourceQuality "1"]
[TimeControl "40/5400+30:1800+30"]

1. e4 e6 2. Nc3 d5 3. d3 c5 4. g3 Nc6 5. Bg2 Nf6 6. f4 dxe4 7. Nxe4 Nxe4 8. Bxe4 Bd7 9. Ne2 c4 10. d4 Qc7 11. O-O Nb4 12. a3 Nd5 13. f5 Bd6 14. fxe6 Bxe6 15. Nf4 Nxf4 16. Bxf4 O-O-O 17. c3 h5 18. Bxd6 Rxd6 19. Bf5 h4 20. g4 g6 21. Bxe6+ Rxe6 22. Qf3 f5 23. gxf5 Rf6 24. Qg4 Qd7 25. Qg5 Qc6 26. Qg2 Qd6 27. Qe2 Qd5 28. Rae1 gxf5 29. Qf3 Rg8+ 30. Kf2 Qb5 31. Re2 Rfg6 32. Ke1 Rg1 33. Rxg1 Rxg1+ 34. Kf2 Rb1 35. Kg2 Rxb2 36. Rxb2 Qxb2+ 37. Kh3 Qxa3 38. Qxf5+ Kc7 39. Qf7+ Kd8 40. Qxc4 a5 41. d5 Qe7 42. Qd4 Kc7 1/2-1/2

[Event "56th Rubinstein Memorial C 2020"]
[Site "Polanica Zdroj"]
[Date "2020.08.16"]
[Round "2.15"]
[White "Lambrecht, Tomasz"]
[Black "Wolak, Julia"]
[Result "0-1"]
[ECO "A58"]
[WhiteElo "1750"]
[BlackElo "1516"]
[Annotator "NA RC"]
[PlyCount "113"]
[EventDate "2020.08.15"]
[EventType "swiss"]
[EventCountry "POL"]
[SourceTitle "playchess.com"]
[Source "ChessBase"]
[SourceQuality "1"]
[TimeControl "40/5400+30:1800+30"]

1. d4 Nf6 2. c4 c5 3. d5 b5 4. cxb5 a6 5. bxa6 Bxa6 6. Nc3 g6 7. e4 d6 8. Bxa6 Nxa6 9. Nf3 Nd7 10. O-O Bg7 11. a4 Qa5 12. Bd2 O-O 13. Nb5 Qb6 14. Bc3 Nf6 15. Qe2 Nc7 16. Nxc7 Qxc7 17. Rfc1 Qd7 18. Qc2 Ra7 19. Nd2 Rfa8 20. b3 Rb8 21. Nc4 Qc7 22. Rab1 Bh6 23. Re1 Nd7 24. Na3 Rab7 25. Nc4 Ra7 26. Ba1 f6 27. Na3 Rab7 28. g3 Rb6 29. f4 Bg7 30. Nc4 R6b7 31. Bc3 Ra8 32. Qd2 Nb6 33. Na5 Rba7 34. Nc6 Ra6 35. f5 Nc8 36. g4 Kf7 37. Kg2 Qb6 38. h4 Qc7 39. h5 g5 40. Rec1 c4 41. Bd4 cxb3 42. Ne5+ fxe5 43. Rxc7 exd4 44. Rxb3 Rxa4 45. Qxg5 Ra2+ 46. Kf1 Rh2 47. Rc1 Raa2 48. Rg3 d3 49. Qe3 Be5 50. Rg1 Rae2 51. Qf3 Bd4 52. Rxc8 Rhf2+ 53. Qxf2 Rxf2+ 54. Ke1 Re2+ 55. Kf1 Bxg1 56. Rc3 Rxe4 57. Kxg1 0-1

[Event "56th Rubinstein Memorial C 2020"]
[Site "Polanica Zdroj"]
[Date "2020.08.16"]
[Round "2.16"]
[White "Smukowski, Bartosz"]
[Black "Vanduyfhuys, Igor"]
[Result "1/2-1/2"]
[ECO "C57"]
[WhiteElo "1611"]
[BlackElo "1776"]
[Annotator "NA"]
[PlyCount "77"]
[EventDate "2020.08.15"]
[EventType "swiss"]
[EventCountry "POL"]
[SourceTitle "playchess.com"]
[Source "ChessBase"]
[SourceQuality "1"]
[TimeControl "40/5400+30:1800+30"]

1. e4 e5 2. Nf3 Nc6 3. Bc4 Nf6 4. Ng5 Qe7 5. Nxf7 Rg8 6. Ng5 Rh8 7. Bf7+ Kd8 8. Bb3 Ne8 9. Nf7+ Qxf7 10. Bxf7 Nf6 11. Nc3 Bb4 12. a3 Bxc3 13. dxc3 Nxe4 14. Qd3 Rf8 15. Qxe4 Rxf7 16. Bg5+ Ne7 17. O-O-O h6 18. Bxe7+ Rxe7 19. Rhe1 d6 20. Qf3 Be6 21. Rxe5 Ke8 22. Re3 g6 23. Qf6 Kd7 24. Rde1 Rae8 25. f4 a6 26. g4 d5 27. f5 gxf5 28. gxf5 d4 29. cxd4 b5 30. fxe6+ Kd8 31. d5 h5 32. h4 Kc8 33. Rc3 Kb8 34. Rd3 Kc8 35. d6 cxd6 36. Rxd6 Kc7 37. Rd3 a5 38. Rc3+ Kd6 39. Rd1# 1/2-1/2

[Event "56th Rubinstein Memorial C 2020"]
[Site "Polanica Zdroj"]
[Date "2020.08.17"]
[Round "3.1"]
[White "Adamczewski, Maciej"]
[Black "Rudecki, Bartosz"]
[Result "1/2-1/2"]
[ECO "B09"]
[WhiteElo "2045"]
[BlackElo "1831"]
[Annotator "ChessBase"]
[PlyCount "28"]
[EventDate "2020.08.15"]
[EventType "swiss"]
[EventCountry "POL"]
[SourceTitle "playchess.com"]
[Source "ChessBase"]
[SourceQuality "1"]
[TimeControl "40/5400+30:1800+30"]

1. e4 d6 2. Nc3 g6 3. d4 Bg7 4. f4 Nf6 5. Nf3 c5 6. e5 Ng4 7. Bb5+ Bd7 8. e6 fxe6 9. Ng5 Bxb5 10. Nxe6 Bxd4 11. Nxd8 Bf2+ 12. Kd2 Be3+ 13. Ke1 Bf2+ 14. Kd2 Be3+ 1/2-1/2

[Event "56th Rubinstein Memorial C 2020"]
[Site "Polanica Zdroj"]
[Date "2020.08.17"]
[Round "3.4"]
[White "Raczek, Krzysztof"]
[Black "Mazalon, Mariusz"]
[Result "1/2-1/2"]
[ECO "B13"]
[WhiteElo "1712"]
[BlackElo "1980"]
[Annotator "ChessBase"]
[PlyCount "66"]
[EventDate "2020.08.15"]
[EventType "swiss"]
[EventCountry "POL"]
[SourceTitle "playchess.com"]
[Source "ChessBase"]
[SourceQuality "1"]
[TimeControl "40/5400+30:1800+30"]

1. e4 c6 2. d4 d5 3. exd5 cxd5 4. Bd3 Nc6 5. c3 Nf6 6. h3 g6 7. Nf3 Bf5 8. Be2 Bg7 9. Bf4 h6 10. O-O g5 11. Bh2 e6 12. Re1 Ne4 13. Nfd2 Nd6 14. Nf1 Qd7 15. Ne3 Bh7 16. Nd2 O-O 17. Nb3 b6 18. Ng4 f6 19. Bd3 Bxd3 20. Qxd3 h5 21. Ne3 f5 22. Nc2 Rae8 23. Nd2 Ne4 24. f3 Nxd2 25. Qxd2 f4 26. Qd3 Qf7 27. Qb5 Ne7 28. Qd7 Nf5 29. Qxf7+ Kxf7 30. Nb4 Rc8 31. Nd3 a5 32. a4 Rc4 33. Re2 Rb8 1/2-1/2

[Event "56th Rubinstein Memorial C 2020"]
[Site "Polanica Zdroj"]
[Date "2020.08.17"]
[Round "3.5"]
[White "Wolak, Julia"]
[Black "Janzer, Hubert"]
[Result "1/2-1/2"]
[ECO "C00"]
[WhiteElo "1516"]
[BlackElo "1893"]
[Annotator "NA RC"]
[PlyCount "95"]
[EventDate "2020.08.15"]
[EventType "swiss"]
[EventCountry "POL"]
[SourceTitle "playchess.com"]
[Source "ChessBase"]
[SourceQuality "1"]
[TimeControl "40/5400+30:1800+30"]

1. e4 e6 2. d3 d5 3. Nd2 c5 4. Ngf3 Nc6 5. g3 g6 6. Bg2 Bg7 7. O-O Nge7 8. Re1 Qc7 {[%emt 0:01:28] [#]} 9. h3 $146 {[%emt 0:02:00] A08: King's Indian Attack.} ({Predecessor:} 9. h4 h6 10. Nf1 dxe4 11. dxe4 O-O 12. c3 b6 13. Ne3 Ba6 14. Bf1 Bxf1 15. Nxf1 c4 16. Qe2 b5 {1-0 (34) Brankovic,D (2300)-Kotsur,P (2517) chess.com INT 2020}) 9... b6 10. Nf1 a5 11. N1h2 Ra7 12. Bf4 e5 13. Bg5 dxe4 14. dxe4 O-O 15. c3 h6 (15... f6 $5 16. Qb3+ Kh8 $15) 16. Be3 Be6 17. Ng4 Rd8 18. Qc1 Bxg4 19. hxg4 Kh7 20. Kh2 Ng8 21. g5 h5 22. Rh1 Nge7 23. Bh3 Nc8 24. g4 hxg4 25. Bxg4 Kg8 26. Qf1 Nd6 27. Nd2 Qe7 28. Qh3 a4 29. Kg2 a3 $18 (29... Nd4 $11 {and Black is okay.}) 30. b3 Nb5 31. Rh2 Qb7 32. Rah1 Kf8 33. Be6 Ne7 34. Qf3 Ng8 35. Rh6 Nd4 36. Bxd4 exd4 37. Bd5 Rxd5 38. exd5 dxc3 39. Nc4 Nxh6 40. gxh6 Bh8 41. h7 b5 42. Ne5 Bxe5 43. h8=Q+ Bxh8 44. Rxh8+ Kg7 45. Qxc3+ f6 46. Qh3 Qxd5+ 47. Kg1 Qd1+ 48. Kg2 1/2-1/2

[Event "56th Rubinstein Memorial C 2020"]
[Site "Polanica Zdroj"]
[Date "2020.08.17"]
[Round "3.7"]
[White "Komendecki, Jacek"]
[Black "Barwinska, Ewa"]
[Result "1-0"]
[ECO "B22"]
[WhiteElo "2024"]
[BlackElo "1763"]
[Annotator "ChessBase"]
[PlyCount "47"]
[EventDate "2020.08.15"]
[EventType "swiss"]
[EventCountry "POL"]
[SourceTitle "playchess.com"]
[Source "ChessBase"]
[SourceQuality "1"]
[TimeControl "40/5400+30:1800+30"]

1. e4 c5 2. c3 d5 3. exd5 Qxd5 4. d4 Nf6 5. Nf3 Bg4 6. Nbd2 cxd4 7. Bc4 Qd6 8. Qb3 Qb6 9. Bxf7+ Kd8 10. Qxb6+ axb6 11. Nxd4 e5 12. Nb5 Bd7 13. Bc4 Nc6 14. b4 g6 15. Nf3 h6 16. Be3 Ra6 17. Nh4 Bf5 18. O-O-O+ Nd7 19. Nxf5 gxf5 20. Nd6 Bxd6 21. Bxa6 bxa6 22. Rxd6 Kc7 23. Rhd1 Rh7 24. Rxh6 1-0

[Event "56th Rubinstein Memorial C 2020"]
[Site "Polanica Zdroj"]
[Date "2020.08.17"]
[Round "3.8"]
[White "Kawalko, Adam"]
[Black "Orlik, Sandra"]
[Result "1/2-1/2"]
[ECO "C50"]
[WhiteElo "1950"]
[BlackElo "1738"]
[Annotator "ChessBase"]
[PlyCount "59"]
[EventDate "2020.08.15"]
[EventType "swiss"]
[EventCountry "POL"]
[SourceTitle "playchess.com"]
[Source "ChessBase"]
[SourceQuality "1"]
[TimeControl "40/5400+30:1800+30"]

1. e4 e5 2. Nf3 Nc6 3. Bc4 Nf6 4. d3 Bc5 5. c3 d6 6. a4 a5 7. Nbd2 Bb6 8. h3 h6 9. O-O O-O 10. Re1 Kh8 11. Qb3 Qe7 12. Nf1 Nd8 13. Be3 Bxe3 14. Nxe3 c6 15. Rad1 Nh7 16. d4 Ng5 17. Nxg5 Qxg5 18. dxe5 dxe5 19. Kh1 Ne6 20. Bxe6 Bxe6 21. Qxb7 Rab8 22. Qxc6 Rfc8 23. Qd6 Rxb2 24. Rd2 Rxd2 25. Qxd2 Qe7 26. Nd5 Qa3 27. c4 Rxc4 28. Qxa5 Rxa4 29. Qd8+ Kh7 30. Qc7 1/2-1/2

[Event "56th Rubinstein Memorial C 2020"]
[Site "Polanica Zdroj"]
[Date "2020.08.17"]
[Round "3.9"]
[White "Podgorski, Maciej"]
[Black "Jankowski, Aleksander"]
[Result "1-0"]
[ECO "B32"]
[WhiteElo "1810"]
[BlackElo "1692"]
[Annotator "NA RC"]
[PlyCount "117"]
[EventDate "2020.08.15"]
[EventType "swiss"]
[EventCountry "POL"]
[SourceTitle "playchess.com"]
[Source "ChessBase"]
[SourceQuality "1"]
[TimeControl "40/5400+30:1800+30"]

1. e4 c5 2. Nf3 Nc6 3. d4 cxd4 4. Nxd4 e5 5. Nb5 a6 6. Nd6+ Bxd6 7. Qxd6 Qe7 8. Qd1 Nf6 9. Nc3 d6 10. Bg5 Be6 11. Nd5 Bxd5 12. Bxf6 Qxf6 13. Qxd5 O-O 14. c3 Ne7 15. Qd2 Qe6 16. Be2 d5 17. exd5 Qxd5 18. Qxd5 Nxd5 19. Bf3 e4 20. Bxe4 Rfe8 21. O-O-O Nxc3 22. Bxh7+ Kxh7 23. bxc3 Re2 24. Rd2 Rae8 25. Rhd1 Kg6 26. Kc2 Kf5 27. c4 R8e4 28. Kc3 Re7 29. a4 Rxd2 30. Rxd2 Rc7 31. Kb4 Ke6 32. f4 Kf5 33. Rd4 Ke6 34. g4 b6 35. h4 Rc5 36. h5 a5+ 37. Kc3 Rc6 38. Rd5 f6 39. h6 gxh6 40. Rh5 Kf7 41. Rxh6 Rc8 42. Rh7+ Kg6 43. Re7 Rc6 44. f5+ Kg5 45. Re6 Rc5 46. Rxb6 Kxg4 47. Rxf6 Re5 48. Kd4 Re1 49. c5 Kg5 50. Rf7 Ra1 51. c6 Rxa4+ 52. Kc5 Ra1 53. c7 a4 54. Rf8 Rc1+ 55. Kb6 Rb1+ 56. Ka5 a3 57. Rg8+ Kf4 58. c8=Q a2 59. Qc4+ 1-0

[Event "56th Rubinstein Memorial C 2020"]
[Site "Polanica Zdroj"]
[Date "2020.08.17"]
[Round "3.10"]
[White "Grot, Blazej"]
[Black "Borowski, Przemyslaw"]
[Result "1-0"]
[ECO "B47"]
[WhiteElo "1768"]
[BlackElo "1790"]
[Annotator "NA"]
[PlyCount "85"]
[EventDate "2020.08.15"]
[EventType "swiss"]
[EventCountry "POL"]
[SourceTitle "playchess.com"]
[Source "ChessBase"]
[SourceQuality "1"]
[TimeControl "40/5400+30:1800+30"]

1. e4 c5 2. Nf3 e6 3. d4 cxd4 4. Nxd4 Nc6 5. Nc3 Qc7 6. Be2 Bb4 7. O-O Nf6 8. Ndb5 Qb8 9. Bg5 a6 10. Bxf6 gxf6 11. Nd4 Qe5 12. Nxc6 bxc6 13. Qd3 d5 14. Bf3 Bd6 15. g3 d4 16. Ne2 c5 17. Bg2 Bb7 18. f4 Qh5 19. Bf3 Qg6 20. f5 Qg5 21. e5 c4 22. Qxc4 Qe3+ 23. Kg2 Bxf3+ 24. Rxf3 Qxe5 25. Qc6+ Ke7 26. Qb7+ Bc7 27. Nxd4 Qxd4 28. Qxc7+ Kf8 29. fxe6 Ra7 30. Qc6 Kg7 31. Raf1 fxe6 32. Qxe6 Rf7 33. c3 Qd8 34. Qg4+ Kf8 35. Rf4 Rg8 36. Qe6 Rg6 37. Rd4 Qb8 38. Rf2 f5 39. Qc4 Rb6 40. Qc5+ Kg7 41. Rxf5 Rxb2+ 42. Kh3 Rb5 43. Rg4+ 1-0

[Event "56th Rubinstein Memorial C 2020"]
[Site "Polanica Zdroj"]
[Date "2020.08.17"]
[Round "3.11"]
[White "Ciechonski, Piotr"]
[Black "Bartlomowicz, Jakub"]
[Result "0-1"]
[ECO "C34"]
[WhiteElo "1774"]
[BlackElo "1613"]
[Annotator "NA"]
[PlyCount "72"]
[EventDate "2020.08.15"]
[EventType "swiss"]
[EventCountry "POL"]
[SourceTitle "playchess.com"]
[Source "ChessBase"]
[SourceQuality "1"]
[TimeControl "40/5400+30:1800+30"]

1. e4 e5 2. f4 exf4 3. Nf3 Nf6 4. e5 Nd5 5. c4 Ne7 6. d4 Ng6 7. Bd3 d6 8. Bxg6 hxg6 9. Bxf4 Nc6 10. exd6 Bxd6 11. Qe2+ Ne7 12. Bxd6 Qxd6 13. Nc3 Bg4 14. O-O-O O-O-O 15. h3 Qf4+ 16. Qd2 Qxd2+ 17. Rxd2 Bxf3 18. gxf3 Nf5 19. d5 Rh4 20. Ne4 Rdh8 21. Rdh2 Nd4 22. Nd2 Kd7 23. b3 b5 24. c5 R8h5 25. b4 Rxd5 26. Rg2 Nc6 27. Rg4 Rxg4 28. hxg4 Nxb4 29. Rh7 Nxa2+ 30. Kd1 Rxc5 31. Rxg7 Nc3+ 32. Ke1 Re5+ 33. Kf1 Ke7 34. Rg8 Rd5 35. Ke1 Rd8 36. Rg7 Rh8 0-1

[Event "56th Rubinstein Memorial C 2020"]
[Site "Polanica Zdroj"]
[Date "2020.08.17"]
[Round "3.12"]
[White "Iwanczuk, Krzysztof"]
[Black "Kieca, Aleksandra"]
[Result "1-0"]
[ECO "B28"]
[WhiteElo "1929"]
[BlackElo "1594"]
[Annotator "ChessBase"]
[PlyCount "61"]
[EventDate "2020.08.15"]
[EventType "swiss"]
[EventCountry "POL"]
[SourceTitle "playchess.com"]
[Source "ChessBase"]
[SourceQuality "1"]
[TimeControl "40/5400+30:1800+30"]

1. e4 c5 2. Nf3 a6 3. c3 d5 4. exd5 Qxd5 5. d4 Nf6 6. dxc5 Qxc5 7. Be3 Qc7 8. h3 e5 9. Nbd2 Be7 10. Nc4 Nbd7 11. a4 b6 12. Be2 O-O 13. O-O Bb7 14. Qb3 Nd5 15. Rfd1 Nxe3 16. Nxe3 Nc5 17. Qc4 a5 18. Nd5 Bxd5 19. Rxd5 e4 20. Nd4 Rfd8 21. Nb5 Qb7 22. Rad1 Rxd5 23. Rxd5 Rc8 24. Bg4 Rd8 25. Rxd8+ Bxd8 26. Nd6 Qe7 27. Qd5 Nxa4 28. Nxf7 Kf8 29. Nxd8 e3 30. Ne6+ Ke8 31. Qb5+ 1-0

[Event "56th Rubinstein Memorial C 2020"]
[Site "Polanica Zdroj"]
[Date "2020.08.17"]
[Round "3.13"]
[White "Demski, Michal"]
[Black "Raclawicki, Kacper"]
[Result "1-0"]
[ECO "B23"]
[WhiteElo "1617"]
[BlackElo "1879"]
[Annotator "NA RC"]
[PlyCount "99"]
[EventDate "2020.08.15"]
[EventType "swiss"]
[EventCountry "POL"]
[SourceTitle "playchess.com"]
[Source "ChessBase"]
[SourceQuality "1"]
[TimeControl "40/5400+30:1800+30"]

1. e4 c5 2. Nc3 e6 3. g3 Nc6 4. Bg2 g6 5. Nge2 Bg7 6. d3 Nge7 7. Be3 Nd4 8. Qd2 O-O 9. Rc1 Qa5 10. Bh6 Nec6 11. h4 Ne5 12. Nxd4 Bxh6 13. Qxh6 cxd4 14. h5 Ng4 15. Qf4 $19 dxc3 16. b4 Qxb4 17. Qxg4 Qe7 18. e5 d5 19. hxg6 fxg6 20. Qd4 Qg5 21. O-O Bd7 22. Qxc3 Rac8 23. Qd4 b6 24. c4 Rfd8 25. f4 Qxg3 26. cxd5 Bc6 27. Rf3 Qh4 28. Rff1 Qg3 29. Rf3 Qh4 30. Rff1 exd5 31. e6 Qg4 32. e7 Rd6 33. Rfe1 Re8 34. Qe5 Qd7 35. f5 gxf5 36. Rc2 Rg6 37. Rxc6 Qxc6 38. Kh1 Rh6+ 39. Kg1 Rg6 40. Kh1 Rh6+ 41. Kg1 Qf6 42. Qxd5+ Kg7 43. Qd7 Qh4 44. Re2 Qh5 45. Qd4+ Rf6 46. Qe5 Qg6 47. Kf1 f4 48. Be4 Qh6 49. Rg2+ Kh8 50. Rh2 1-0

[Event "56th Rubinstein Memorial C 2020"]
[Site "Polanica Zdroj"]
[Date "2020.08.17"]
[Round "3.14"]
[White "Czyzykiewicz, Rafal"]
[Black "Plichta, Krzysztof"]
[Result "0-1"]
[ECO "B14"]
[WhiteElo "1777"]
[BlackElo "1605"]
[Annotator "NA RC"]
[PlyCount "106"]
[EventDate "2020.08.15"]
[EventType "swiss"]
[EventCountry "POL"]
[SourceTitle "playchess.com"]
[Source "ChessBase"]
[SourceQuality "1"]
[TimeControl "40/5400+30:1800+30"]

1. e4 c6 2. d4 d5 3. exd5 cxd5 4. c4 e6 5. Nc3 Nf6 6. c5 b6 7. b4 a5 8. Na4 Ne4 9. Nxb6 Qxb6 10. cxb6 Bxb4+ 11. Bd2 Bxd2+ 12. Ke2 Nc3+ 13. Kxd2 Nxd1 14. Rxd1 Ba6 15. Ne2 Nd7 16. Rb1 Rb8 17. b7 Rxb7 18. Rxb7 Bxb7 19. Nc3 Bc6 20. Bd3 Ke7 21. Rc1 Kd6 22. Nb5+ Bxb5 23. Bxb5 Rb8 24. Rc6+ Ke7 25. a4 Nb6 26. h4 h5 27. Ke3 Nc8 28. Ra6 Nd6 29. Rxa5 Nxb5 30. axb5 Rb7 31. Kd3 Kd7 32. Kc3 Rc7+ 33. Kb3 Kc8 34. b6 Rc6 35. Ra8+ Kb7 36. Ra7+ Kxb6 37. Rxf7 Rc4 38. Re7 Rxd4 39. Rxe6+ Kc5 40. Kc3 Rxh4 41. f3 g5 42. Rg6 g4 43. f4 Rh2 44. Rg5 Rxg2 45. Rxh5 Rf2 46. f5 g3 47. Rg5 g2 48. f6 Kd6 49. Kd4 Ke6 50. f7 Kxf7 51. Kxd5 Kf6 52. Rg8 Rf5+ 53. Ke4 Rg5 0-1

[Event "56th Rubinstein Memorial C 2020"]
[Site "Polanica Zdroj"]
[Date "2020.08.17"]
[Round "3.15"]
[White "Vanduyfhuys, Igor"]
[Black "Szopa, Emilia"]
[Result "0-1"]
[ECO "B33"]
[WhiteElo "1776"]
[BlackElo "1628"]
[Annotator "NA"]
[PlyCount "104"]
[EventDate "2020.08.15"]
[EventType "swiss"]
[EventCountry "POL"]
[SourceTitle "playchess.com"]
[Source "ChessBase"]
[SourceQuality "1"]
[TimeControl "40/5400+30:1800+30"]

1. e4 c5 2. Nf3 Nc6 3. d4 cxd4 4. Nxd4 Nf6 5. Nc3 e5 6. Ndb5 d6 7. Bg5 a6 8. Na3 b5 9. Nd5 Be7 10. Bxf6 Bxf6 11. c4 b4 12. Nc2 a5 13. g3 Bg5 14. Bg2 O-O 15. O-O Be6 16. Qd3 Ne7 17. Nce3 Nxd5 18. Nxd5 Rb8 19. Rfd1 Kh8 20. h4 Be7 21. b3 Bxd5 22. Qxd5 Rc8 23. Kf1 Rc5 24. Qd3 Qc8 25. a3 bxa3 26. Rxa3 f5 27. Qd2 f4 28. Kg1 f3 29. Bf1 Qg4 30. Rxa5 Rxa5 31. Qxa5 Bxh4 32. Kh2 Bd8 33. Qd5 Be7 34. Bh3 Qh5 35. b4 Qe8 36. b5 Qa8 37. Qc6 Rb8 38. Qc7 Rb7 39. Ra1 Qb8 40. Qxb8+ Rxb8 41. Ra7 Bd8 42. Rd7 Bb6 43. Kg1 Bc5 44. Bg4 Rf8 45. Rc7 g6 46. Rc6 h5 47. Be6 Ra8 48. Bh3 Ra1+ 49. Bf1 Ra2 50. Bd3 Bxf2+ 51. Kf1 Bxg3 52. Rxd6 Ra1+ 0-1

[Event "56th Rubinstein Memorial C 2020"]
[Site "Polanica Zdroj"]
[Date "2020.08.17"]
[Round "3.16"]
[White "Komendecki, Antoni"]
[Black "Grzadka, Artur"]
[Result "1-0"]
[ECO "B13"]
[WhiteElo "1631"]
[BlackElo "1775"]
[Annotator "NA"]
[PlyCount "81"]
[EventDate "2020.08.15"]
[EventType "swiss"]
[EventCountry "POL"]
[SourceTitle "playchess.com"]
[Source "ChessBase"]
[SourceQuality "1"]
[TimeControl "40/5400+30:1800+30"]

1. e4 c6 2. d4 d5 3. exd5 cxd5 4. Bd3 Nc6 5. c3 Qc7 6. h3 Nf6 7. Nf3 g6 8. O-O Bg7 9. Re1 Bf5 10. Be2 O-O 11. Be3 Rac8 12. Nbd2 a6 13. Qc1 b5 14. Nb3 Qb6 15. Nc5 Ne4 16. Nh4 Rfd8 17. Nxf5 gxf5 18. Bd3 e6 19. Bh6 Bxh6 20. Qxh6 Nxc5 21. dxc5 Qxc5 22. Re3 Ne7 23. Rg3+ Ng6 24. h4 Qf8 25. Qg5 f6 26. Qe3 Kf7 27. Qa7+ Qe7 28. Qxa6 Ra8 29. Qb6 Rdb8 30. Qe3 Qf8 31. Re1 Ra6 32. a4 f4 33. Bxg6+ hxg6 34. Qxf4 Rxa4 35. Qc7+ Kg8 36. Rxg6+ Kh8 37. Rxf6 Qxf6 38. Qxb8+ Kh7 39. Qxb5 Rxh4 40. Qd7+ Kh8 41. Rxe6 1-0

[Event "56th Rubinstein Memorial C 2020"]
[Site "Polanica Zdroj"]
[Date "2020.08.18"]
[Round "4.1"]
[White "Kozlowski, Pawel"]
[Black "Adamczewski, Maciej"]
[Result "1/2-1/2"]
[ECO "C00"]
[WhiteElo "1913"]
[BlackElo "2045"]
[Annotator "ChessBase"]
[PlyCount "88"]
[EventDate "2020.08.15"]
[EventType "swiss"]
[EventCountry "POL"]
[SourceTitle "playchess.com"]
[Source "ChessBase"]
[SourceQuality "1"]
[TimeControl "40/5400+30:1800+30"]

1. e4 e6 2. d4 d5 3. Bd3 dxe4 4. Bxe4 Nf6 5. Bf3 c5 6. Ne2 Nc6 7. Be3 Be7 8. Nbc3 O-O 9. O-O Qa5 10. Qc1 cxd4 11. Nxd4 Ne5 12. Be2 Ng6 13. Nb3 Qe5 14. Bd4 Qb8 15. Bf3 Nh4 16. Qe3 Nf5 17. Qe2 Nxd4 18. Nxd4 Bd6 19. h3 a6 20. Ne4 Be5 21. Nxf6+ Bxf6 22. Rad1 Qc7 23. c3 Bd7 24. Qe4 Rab8 25. Rfe1 Rfd8 26. a3 g6 27. Qc2 Qb6 28. Ne2 Bb5 29. Rxd8+ Rxd8 30. Rd1 Rxd1+ 31. Qxd1 Kg7 32. Qd2 Bc4 33. Ng3 Be5 34. Nf1 h5 35. Ne3 Bb5 36. Be2 Qc5 37. Bxb5 Qxb5 38. Nf1 Qb3 39. g3 b5 40. Ne3 Qa4 41. Qc2 Qa5 42. Qe4 Qc7 43. Kg2 Qd6 44. a4 Bf6 1/2-1/2

[Event "56th Rubinstein Memorial C 2020"]
[Site "Polanica Zdroj"]
[Date "2020.08.18"]
[Round "4.2"]
[White "Walkusz, Witoslaw"]
[Black "Podgorski, Maciej"]
[Result "0-1"]
[ECO "B51"]
[WhiteElo "2092"]
[BlackElo "1810"]
[Annotator "ChessBase"]
[PlyCount "68"]
[EventDate "2020.08.15"]
[EventType "swiss"]
[EventCountry "POL"]
[SourceTitle "playchess.com"]
[Source "ChessBase"]
[SourceQuality "1"]
[TimeControl "40/5400+30:1800+30"]

1. e4 c5 2. Nf3 d6 3. Bb5+ Nd7 4. a4 a6 5. Bc4 e6 6. Qe2 Ngf6 7. d3 Be7 8. O-O b6 9. h3 Bb7 10. Nbd2 Qc7 11. c3 O-O-O 12. d4 Nb8 13. e5 Nh5 14. exd6 Bxd6 15. Ne4 Bf4 16. dxc5 bxc5 17. b4 Bxc1 18. Raxc1 Nf4 19. Qe3 Nd7 20. Rfd1 Nb6 21. Bb3 c4 22. Ba2 Nbd5 23. Qe1 Nd3 24. Rxd3 cxd3 25. Bxd5 Rxd5 26. c4 Rd7 27. c5 Bc6 28. b5 Bxe4 29. Qxe4 Rd5 30. b6 Qc6 31. Qc4 Kb7 32. Nd4 Qxc5 33. Qxc5 Rxc5 34. Rd1 Rd8 0-1

[Event "56th Rubinstein Memorial C 2020"]
[Site "Polanica Zdroj"]
[Date "2020.08.18"]
[Round "4.3"]
[White "Budnik, Mateusz"]
[Black "Grot, Blazej"]
[Result "1-0"]
[ECO "A05"]
[WhiteElo "2033"]
[BlackElo "1768"]
[Annotator "ChessBase"]
[PlyCount "71"]
[EventDate "2020.08.15"]
[EventType "swiss"]
[EventCountry "POL"]
[SourceTitle "playchess.com"]
[Source "ChessBase"]
[SourceQuality "1"]
[TimeControl "40/5400+30:1800+30"]

1. Nf3 Nf6 2. b3 d5 3. Bb2 e6 4. e3 c5 5. Be2 Bd6 6. O-O Nc6 7. Bb5 Qc7 8. Bxc6+ bxc6 9. d3 e5 10. e4 O-O 11. Re1 Re8 12. Nbd2 Bd7 13. Nf1 Rad8 14. Ng3 Bc8 15. Qd2 Qb8 16. h3 c4 17. Qc1 dxe4 18. dxe4 Bc5 19. Ba3 Qb6 20. Bxc5 Qxc5 21. Qe3 Qb4 22. Qxa7 Qc3 23. Qc5 Qxc2 24. Rec1 Qb2 25. Qxc4 Be6 26. Qc2 Qa3 27. Nxe5 h5 28. Nf3 Qa5 29. Rd1 c5 30. Rxd8 Rxd8 31. e5 Nd5 32. Ng5 Nf4 33. Qh7+ Kf8 34. Qh8+ Ke7 35. Qxg7 Nd3 36. Qf6+ 1-0

[Event "56th Rubinstein Memorial C 2020"]
[Site "Polanica Zdroj"]
[Date "2020.08.18"]
[Round "4.4"]
[White "Rudecki, Bartosz"]
[Black "Komendecki, Jacek"]
[Result "0-1"]
[ECO "B27"]
[WhiteElo "1831"]
[BlackElo "2024"]
[Annotator "ChessBase"]
[PlyCount "44"]
[EventDate "2020.08.15"]
[EventType "swiss"]
[EventCountry "POL"]
[SourceTitle "playchess.com"]
[Source "ChessBase"]
[SourceQuality "1"]
[TimeControl "40/5400+30:1800+30"]

1. e4 c5 2. Nf3 g6 3. g3 Bg7 4. Bg2 Nc6 5. O-O e5 6. Nc3 Nge7 7. Nd5 O-O 8. d3 d6 9. c3 Nxd5 10. exd5 Ne7 11. d4 exd4 12. cxd4 Nxd5 13. dxc5 dxc5 14. Qb3 Nb4 15. Rd1 Qa5 16. Ng5 Bg4 17. Bf3 Bxf3 18. Qxf3 Nc2 19. Bd2 Qa6 20. Rab1 Nd4 21. Qg4 h6 22. Nh3 f5 0-1